 Dungeon Sprint DCSS version 0.30-a0-123-g91d0c66ccf (webtiles) character file.

Game seed: 15629586100452092961

1896 mhtbhm the Earth Mage (level 9, -8/49 HPs)
             Began as a Gargoyle Earth Elementalist on Sept 18, 2022.
             Was a Believer of Vehumet.
             Mangled by an earth elemental (35 damage)
             ... in the Dungeon (Sprint III: "The Ten Rune Challenge").
             The game lasted 00:03:22 (1673 turns).

mhtbhm the Earth Mage (Gargoyle Earth Elementalist) Turns: 1673, Time: 00:03:23

Health: -8/49      AC: 10    Str: 16    XL:     9   Next: 15%
Magic:  10/25      EV: 12    Int: 19    God:    Vehumet [**....]
Gold:   42         SH:  0    Dex:  9    Spells: 22/32 levels left

rFire   . . .      SeeInvis .    h - +3 quarterstaff (chaos)
rCold   . . .      Faith    .    (shield currently unavailable)
rNeg    + . .      Spirit   .    a - +0 robe
rPois   ∞          Reflect  .    (no helmet)
rElec   +          Harm     .    i - +0 cloak
rCorr   .          Rampage  .    (no gloves)
Will    .....      NoTele   +    (no boots)
Stlth   +++.......               (no amulet)
HPRegen 0.16/turn                (no ring)
MPRegen 0.19/turn                (no ring)

@: no status effects
A: sickness immunity, AC +6, negative energy resistance 1, electricity
resistance, torment resistance 1, petrification resistance, shaggy fur 1, strong
1
a: Renounce Religion


You were in the Dungeon.
You worshipped Vehumet.
Vehumet was pleased with you.
You visited 1 branch You collected 42 gold pieces.

Inventory:

Hand Weapons
 h - a +3 quarterstaff of chaos (weapon)
Armour
 a - a +0 robe (worn)
 i - a +0 cloak (worn)
Wands
 f - a wand of flame (18)
Scrolls
 g - a scroll of blinking
 k - a scroll of poison {unknown}
 l - 2 scrolls of identify {unknown}
 m - a scroll of torment {unknown}
Potions
 b - 3 potions of magic
 c - 3 potions of curing
 e - a potion of haste
 j - 3 potions of mutation
 n - a potion of flight {unknown}
Miscellaneous
 d - a lightning rod (4/4)


   Skills:
 + Level 2.7 Fighting
 + Level 4.2 Dodging
 + Level 5.7 Stealth
 - Level 0.2 Unarmed Combat
 + Level 12.4 Spellcasting
 + Level 2.3 Conjurations
 + Level 1.2 Transmutations
 + Level 15.5 Earth Magic


You had 22 spell levels left.
You knew the following spells:

 Your Spells              Type           Power      Damage    Failure   Level
a - Sandblast             Erth           100%       2d20      0%          1
b - Passwall              Tmut/Erth      35%        N/A       1%          2
c - Stone Arrow           Conj/Erth      90%        3d12      1%          3
d - Petrify               Tmut/Erth      43%        N/A       1%          4

Your spell library contained the following spells:

 Spells                   Type           Power      Damage    Failure   Level
 Freeze                   Ice            44%        1d6       6%          1
 Ensorcelled Hibernation  Hex/Ice        22%        N/A       9%          2
 Ozocubu's Armour         Ice            11%        N/A       17%         3
 Swiftness                Air            11%        N/A       17%         3
 Metabolic Englaciation   Hex/Ice        5%         N/A       85%         5
 Simulacrum               Ice/Necr       5%         N/A       100%        6


Dungeon Overview and Level Annotations

Branches:
Dungeon (1/1)

Altars:
Cheibriados
Dithmenos
Elyvilon
Fedhas
Gozag
Hepliaklqana
Kikubaaqudgha
Makhleb
Nemelex Xobeh
Okawaru
Qazlal
Ru
Sif Muna
Trog
Uskayaw
Vehumet
Wu Jian
Xom
Yredelemnul
Zin
The Shining One
Jiyva
Lugonu


Innate Abilities, Weirdness & Mutations

You are immune to sickness and miasma.
Your stone body is resilient. (AC +6)
You are immune to poison.
You resist negative energy. (rN+)
You are resistant to electric shocks. (rElec)
You are resistant to unholy torment.
You are immune to petrification.
You are covered in fur. (AC +1)
Your muscles are strong. (Str +4, Int/Dex -1)


Message History

The stone arrow hits the earth elemental!!
The earth elemental is moderately damaged.
Unknown command.
Casting: Stone Arrow (safe; 1% risk of failure)
Confirm with . or Enter, or press ? or * to list all spells.
Aiming: Stone Arrow (safe; 1% risk of failure)
Press: ? - help, Shift-Dir - straight line, f/p - earth elemental
Aim: an earth elemental (black smoke, moderately damaged, 95% to hit)
The stone arrow hits the earth elemental!!
The earth elemental is severely damaged.
Unknown command.
Casting: Stone Arrow (safe; 1% risk of failure)
Confirm with . or Enter, or press ? or * to list all spells.
Aiming: Stone Arrow (safe; 1% risk of failure)
Press: ? - help, Shift-Dir - straight line, f/p - earth elemental
Aim: an earth elemental (black smoke, severely damaged, 95% to hit)
The stone arrow hits the earth elemental.
The earth elemental is severely damaged.
Unknown command.
Unknown command.
Casting: Stone Arrow (safe; 1% risk of failure)
Confirm with . or Enter, or press ? or * to list all spells.
Aiming: Stone Arrow (safe; 1% risk of failure)
Press: ? - help, Shift-Dir - straight line, f/p - earth elemental
Aim: an earth elemental (black smoke, severely damaged, 95% to hit)
The stone arrow hits the earth elemental.
The earth elemental is almost destroyed.
The earth elemental hits you!!
Unknown command.
Unknown command.
Casting: Stone Arrow (safe; 1% risk of failure)
Confirm with . or Enter, or press ? or * to list all spells.
Aiming: Stone Arrow (safe; 1% risk of failure)
Press: ? - help, Shift-Dir - straight line, f/p - earth elemental
Aim: an earth elemental (black smoke, almost destroyed, 95% to hit)
The stone arrow hits the earth elemental!
The earth elemental is almost destroyed.
The earth elemental hits you!!
Ouch! That really hurt!
You die...

###########
___#___#__#
...#__)#._#
##'#÷###)##
..........#
.⌠........#
.).######'#
.⌠.#__#...#+#######
...#__#...#..~§§@§#
'###__#...#.#)§§#E#
.).#__#...'.#§§§#§#
___#__'...#.#..§#..
▓▓▓▓▓▓▓▓▓▓▓▓▓▓▓▓▓▓▓▓


You could see an earth elemental.

Vanquished Creatures
  Josephine (D)
  A deep elf pyromancer (D)
  A shadow (D)
  A spatial vortex (D)
  A necrophage (D)
  A water elemental (D)
  A jelly (D)
  Crazy Yiuf (D)
  A wizard (D)
  A necromancer (D)
  3 humans (D)
  A kobold demonologist (D)
  An endoplasm (D)
  3 rats (D)
18 creatures vanquished.

Notes
Turn   | Place    | Note
-------+----------+-------------------------------------------
     0 | D        | mhtbhm the Gargoyle Earth Elementalist began the quest for
                  | the Orb.
     0 | D        | Reached XP level 1. HP: 10/10 MP: 3/3
     8 | D        | Reached skill level 4 in Earth Magic
   104 | D        | Reached skill level 5 in Earth Magic
   104 | D        | Reached XP level 2. HP: 10/15 MP: 0/6
   259 | D        | Learned a level 2 spell: Passwall
   261 | D        | Noticed Crazy Yiuf
   264 | D        | Killed Crazy Yiuf
   265 | D        | Reached skill level 7 in Earth Magic
   265 | D        | Reached XP level 3. HP: 9/19 MP: 3/8
   293 | D        | Gained mutation: Your muscles are strong. (Str +4, Int/Dex
                  | -1) [potion of mutation]
   293 | D        | Gained mutation: You are covered in fur. (AC +1) [potion of
                  | mutation]
   300 | D        | Learned a level 3 spell: Stone Arrow
   424 | D        | Noticed a water elemental
   435 | D        | Killed a water elemental
   436 | D        | Reached skill level 5 in Spellcasting
   436 | D        | Reached skill level 8 in Earth Magic
   436 | D        | Reached XP level 4. HP: 3/24 MP: 0/11
   693 | D        | Learned a level 4 spell: Petrify
   700 | D        | Found a radiant altar of Vehumet.
   700 | D        | Found a shimmering blue altar of Sif Muna.
   700 | D        | Found an ancient bone altar of Kikubaaqudgha.
   700 | D        | Noticed a wizard
   701 | D        | Killed a wizard
   702 | D        | Reached skill level 9 in Earth Magic
   702 | D        | Reached XP level 5. HP: 28/28 MP: 11/13
   711 | D        | Became a worshipper of Vehumet
   739 | D        | Found a basalt altar of Yredelemnul.
   739 | D        | Found a shadowy altar of Dithmenos.
   739 | D        | Found a sacrificial altar of Ru.
   745 | D        | Reached skill level 1 in Fighting
   745 | D        | Reached skill level 1 in Transmutations
   745 | D        | Reached skill level 10 in Earth Magic
   745 | D        | Reached XP level 6. HP: 32/34 MP: 9/15
   792 | D        | Found a glowing silver altar of Zin.
   792 | D        | Found a glowing golden altar of the Shining One.
   792 | D        | Found a white marble altar of Elyvilon.
   792 | D        | Noticed a deep elf pyromancer
   796 | D        | Killed a deep elf pyromancer
   796 | D        | Reached * piety under Vehumet
   796 | D        | Offered knowledge of Shock by Vehumet.
   797 | D        | Reached skill level 5 in Stealth
   797 | D        | Reached skill level 1 in Conjurations
   797 | D        | Reached skill level 13 in Earth Magic
   797 | D        | Reached XP level 7. HP: 16/40 MP: 12/20
   981 | D        | Found a hide-covered altar of Uskayaw.
   981 | D        | Found an iron altar of Okawaru.
   981 | D        | Found a bloodstained altar of Trog.
   981 | D        | Found an ornate altar of the Wu Jian Council.
   981 | D        | Noticed a human
   981 | D        | Noticed a human
   986 | D        | Killed a human
   987 | D        | Reached skill level 10 in Spellcasting
   990 | D        | Killed a human
   991 | D        | Reached XP level 8. HP: 17/45 MP: 11/22
  1186 | D        | Noticed a shadow
  1194 | D        | Killed a shadow
  1194 | D        | Offered knowledge of Freeze by Vehumet.
  1194 | D        | Reached ** piety under Vehumet
  1195 | D        | Reached skill level 14 in Earth Magic
  1340 | D        | Found a blossoming altar of Fedhas.
  1340 | D        | Found a stormy altar of Qazlal.
  1340 | D        | Found a snail-covered altar of Cheibriados.
  1340 | D        | Found a burning altar of Makhleb.
  1340 | D        | Found a shimmering altar of Xom.
  1341 | D        | Found a hazy altar of Hepliaklqana.
  1341 | D        | Found an opulent altar of Gozag.
  1341 | D        | Found a sparkling altar of Nemelex Xobeh.
  1341 | D        | Found a corrupted altar of Lugonu.
  1341 | D        | Found a viscous altar of Jiyva.
  1402 | D        | Noticed Josephine
  1409 | D        | Killed Josephine
  1410 | D        | Reached skill level 15 in Earth Magic
  1410 | D        | Reached XP level 9. HP: 8/49 MP: 15/25
  1673 | D        | Mangled by an earth elemental

Illustrated notes

Levels and vault maps discovered:
D:        dungeon_sprint_mu [sprint_mu_entry_cave, sprint_mu_temple_rooms,
          sprint_mu_d1_horrors, sprint_mu_d2_genie, sprint_mu_d3_branching,
          sprint_mu_orc_legion, sprint_mu_elf_gauntlet, sprint_mu_hive_nellie,
          sprint_mu_lair_fedhas, sprint_mu_vaults_butterflies,
          sprint_mu_slime_circle, sprint_mu_swamp_cave, sprint_mu_shoals_archi,
          sprint_mu_blade_basic, sprint_mu_crypt_lich, sprint_mu_tomb_spiral,
          sprint_mu_vestibule_basic, sprint_mu_gehenna_hellfire,
          sprint_mu_dis_giant, sprint_mu_tartarus_statrot,
          sprint_mu_cocytus_islands, sprint_mu_zot1]

Skill      XL: |  1  2  3  4  5  6  7  8 |
---------------+-------------------------+-----
Earth Magic    | 5 7 8 9 10 13 15 | 15.5
Stealth        | 3 4 5 |  5.7
Spellcasting   | 3 4 5 6 9 10 12 | 12.4
Dodging        | 2 3 4 |  4.2
Fighting       | 1 2 |  2.7
Transmutations | 1 |  1.2
Conjurations   | 1 2 |  2.3
Unarmed Combat | |  0.2

Action                   |  1- 3 |  4- 6 |  7- 9 || total
-------------------------+-------+-------+-------++-------
Melee: Unarmed           |     4 |       |       ||     4
 Cast: Sandblast         |    17 |    12 |    20 ||    49
       Stone Arrow       |       |       |    12 ||    12
  Use: Potion            |     3 |       |     1 ||     4
Armor: Robe              |     1 |     2 |     4 ||     7
Dodge: Dodged            |     4 |     2 |     9 ||    15

Table legend: (Time is in decaauts)
 A = Elapsed time spent in this place.
 B = Non-inter-level travel time spent in this place.
 C = Inter-level travel time spent in this place.
 D = Time resting spent in this place.
 E = Time spent auto-exploring this place.
 F = Levels seen in this place.
 G = Mean time per level.
                   A        B        C        D        E       F      G
               +--------+--------+--------+--------+--------+-----+--------+
         Total |   1711 |   1711 |      0 |   1384 |     50 |   1 | 1711.0 |
       Dungeon |   1711 |   1711 |      0 |   1384 |     50 |   1 | 1711.0 |
               +--------+--------+--------+--------+--------+-----+--------+

Top non-repeatable levels by time:
       D: 1711 daAuts
